AoeStats
← gg_noteam

Lombardia

509725462Analyzed
4v4 RM · 5d ago on Sep 27, 2026· 23m 58s· 8 players
Game mode
Random Map
Map size
Large (8 player)
Population
200
Speed
Normal
Resources
Standard
Victory
Conquest
Starting age
Dark Age
Ending age
Imperial Age
RankedLock teamsTeams togetherTeam positionsShared explorationLock speedFull tech treeHidden civsTurbo modeCheats
Victory
Defeat
🇵🇪 Jurchens · Peru
1512
+12
🇦🇷 Burmese · Argentina
1508
+12
🇦🇷 Armenians · Argentina
1452
+14
🇦🇷 Varangians · Argentina
1422
+17
🇺🇸 Poles · United States
1431
-14
🇮🇩 Franks · Indonesia
1429
-14
🇹🇷 Ethiopians · Türkiye
1424
-14
🇺🇸 Koreans · United States
1395
-13
treehugger
5:32 Loom
11:30 Feudal Age
12:19 Horse Collar
12:24 Double-Bit Axe
18:14 Castle Age
17:55 Fletching
17:57 Gold Mining
21:37 Stone Mining
22:15 Bow Saw
PaRappa56
10:44 Feudal Age
11:00 Loom
14:45 Castle Age
12:44 Double-Bit Axe
12:59 Horse Collar
16:19 Bow Saw
17:10 Wheelbarrow
16:20 Town Watch
23:39 Stone Mining
Yellowping
10:40 Feudal Age
14:26 Castle Age
12:58 Double-Bit Axe
12:54 Horse Collar
15:25 Loom
Embege
8:48 Loom
11:13 Feudal Age
15:48 Castle Age
gg_noteam
9:29 Feudal Age
7:46 Loom
10:30 Town Watch
17:06 Fletching
20:06 Wheelbarrow
19:20 Double-Bit Axe
19:28 Gold Mining
24:18 Castle Age
23:37 Padded Archer Armor
Leandro Pared10s
6:28 Loom
9:08 Feudal Age
12:32 Fletching
14:54 Horse Collar
21:25 Castle Age
20:25 Stone Mining
21:19 Gold Mining
22:05 Bodkin Arrow
21:38 Crossbowman
24:44 Wheelbarrow
24:27 Heavy Plow
Speaker
6:42 Loom
9:44 Feudal Age
11:27 Scale Barding Armor
11:33 Forging
13:42 Bloodlines
22:14 Castle Age
20:36 Horse Collar
22:18 Light Cavalry
23:17 Forging
23:40 Double-Bit Axe
The Gogs
7:18 Loom
9:53 Feudal Age
10:33 Double-Bit Axe
19:51 Castle Age
18:39 Forging
19:54 Bloodlines
20:37 Scale Barding Armor
21:15 Husbandry
22:53 Horse Collar
Connection lost

Rejoining the realm…

Still unreachable

The connection could not be restored.

Session expired

The server has moved on; the page needs a fresh start.